 Dungeon Crawl Stone Soup version 0.30.1-9-gdf580d7c3d (webtiles) character file.

Game seed: 3759470873326585093

4258 lonewolfV2 the Cleaver (level 10, -1/77 HPs)
             Began as a Formicid Fighter on Oct 3, 2023.
             Was an Initiate of Gozag.
             Engulfed by a steam dragon's steam (10 damage)
             ... on level 8 of the Dungeon.
             The game lasted 00:10:47 (8609 turns).

lonewolfV2 the Cleaver (Formicid Fighter)           Turns: 8609, Time: 00:10:48

Health: -1/77      AC:  8    Str: 32    XL:     10   Next: 56%
Magic:  10/10      EV: 11    Int:  7    God:    Gozag
Gold:   531        SH:  7    Dex: 13    Spells: 9/9 levels left

rFire   . . .        i - +0 battleaxe (vamp)
rCold   . . .        c - +1 buckler
rNeg    + . .        b - +0 scale mail
rPois   .            (helmet unavailable)
rElec   .            (no cloak)
rCorr   .            (no gloves)
SInv    +            (no boots)
Will    +....        (no amulet) Stlth
                     e - ring of positive energy
HPRegen 0.32/turn    m - +6 ring of strength
MPRegen 0.12/turn

%: no passive effects
@: invisible
A: permanent stasis, dig shafts and tunnels, antennae 3, four strong arms
a: Dig, Shaft Self, Renounce Religion, Potion Petition, Call Merchant, Bribe
Branch


You were on level 8 of the Dungeon.
You worshipped Gozag.
Gozag was pleased with you.
You visited 2 branches of the dungeon, and saw 9 of its levels.

You collected 667 gold pieces.
You paid 136 gold pieces to Gozag.

Inventory:

Hand Weapons
 a - a +0 war axe
 i - a +0 vampiric battleaxe (weapon)
Missiles
 w - a throwing net
Armour
 b - a +0 scale mail (worn)
 c - a +1 buckler (worn)
Jewellery
 e - a ring of positive energy (left hand)
 l - a ring of resist corrosion
 m - a +6 ring of strength (right hand)
 s - an amulet of faith
Wands
 k - a wand of digging (5)
Scrolls
 h - a scroll of poison
 q - a scroll of enchant armour
 v - a scroll of amnesia {unknown}
 y - a scroll of fear
Potions
 d - 3 potions of brilliance
 f - 2 potions of curing
 g - 2 potions of ambrosia {unknown}
 j - 2 potions of invisibility
 n - 3 potions of attraction
 o - 3 potions of degeneration {unknown}
 p - 2 potions of mutation {unknown}
 r - a potion of lignification {unknown}
 t - 2 potions of berserk rage {unknown}
 u - 3 potions of haste {unknown}
 x - 2 potions of magic {unknown}
 z - a potion of cancellation {unknown}


   Skills:
 + Level 6.8 Fighting
 + Level 10.3 Axes
 + Level 8.0 Armour
 + Level 3.3 Dodging
 + Level 1.0 Stealth
 + Level 7.5 Shields


You had 9 spell levels left.
You didn't know any spells.
Your spell library contained the following spells:

 Spells                   Type           Power      Damage    Failure   Level
 Sandblast                Erth           0%         2d4       67%         1
 Shock                    Conj/Air       0%         1d3       67%         1
 Passwall                 Tmut/Erth      0%         N/A       82%         2
 Static Discharge         Conj/Air       0%         2-2/arc   82%         2
 Dazzling Flash           Conj/Hex       0%         N/A       96%         3
 Inner Flame              Hex/Fire       0%         N/A       96%         3
 Stone Arrow              Conj/Erth      0%         3d7       96%         3
 Volatile Blastmotes      Fire/Tloc      0%         2d10      96%         3
 Airstrike                Air            0%         2d(0-16)  100%        4
 Flame Wave               Conj/Fire      0%         2d4       100%        4
 Iskenderun's Mystic Bla  Conj/Tloc      0%         2d3       100%        4
 Sticky Flame             Conj/Fire      0%         2d3       100%        4
 Summon Lightning Spire   Summ/Air       0%         N/A       100%        4
 Iskenderun's Battlesphe  Conj           0%         2d6       100%        5
 Iron Shot                Conj/Erth      0%         9d1       100%        6
 Starburst                Conj/Fire      0%         6d3       100%        6
 Spellforged Servitor     Conj/Summ      0%         N/A       100%        7
 Swiftness                Air            Unusable   N/A       N/A         3

Dungeon Overview and Level Annotations

Branches:
Dungeon (8/15)             Temple (1/1) D:7
   Lair: D:8-11

Altars:
Ashenzari
Dithmenos
Elyvilon
Fedhas
Gozag
Hepliaklqana
Okawaru
Xom
Yredelemnul

Shops:
D:7 =


Innate Abilities, Weirdness & Mutations

You cannot be hasted, slowed, berserked, paralysed or teleported.
You can dig through walls and to a lower floor.
You have a pair of large antennae on your head. (SInv)
Your four strong arms can wield two-handed weapons with a shield.


Message History

The ball of steam misses you.
You hear a shout!
Items here: )) [[.
You are engulfed in a cloud of scalding steam.
Items here: )) [[.
The steam dragon bites you but does no damage.
You block the steam dragon's attack.
You closely miss the steam dragon. The steam dragon misses you.
You block the steam dragon's attack.
You barely miss the steam dragon. The steam dragon barely misses you.
You block the steam dragon's attack.
A centaur comes into view.
You closely miss the steam dragon.
The centaur wields a +0 shortbow.
The centaur shoots an arrow.
The arrow hits you.
The steam dragon bites you but does no damage.
You block the steam dragon's attack.
You hit the steam dragon but do no damage.
The centaur shoots an arrow.
The arrow hits you but does no damage. The steam dragon breathes steam at you.
The ball of steam hits you!!
The centaur shoots an arrow.
The arrow hits you.
You hear a shout! x2
You are engulfed in a cloud of scalding steam.
* * * LOW HITPOINT WARNING * * *
Items here: )) [[.
You are engulfed in a cloud of scalding steam.
* * * LOW HITPOINT WARNING * * *
You barely miss the steam dragon.
You are engulfed in a cloud of scalding steam.
* * * LOW HITPOINT WARNING * * *
You block the steam dragon's attack.
The steam dragon claws you but does no damage.
The steam dragon breathes steam at you. The ball of steam hits you.
* * * LOW HITPOINT WARNING * * *
You hear a shout!
A centaur comes into view.
You fade into invisibility!
You are engulfed in a cloud of scalding steam.
You die...
Your body crumbles into a pile of gold.

#####..<...#.......
##...##.(...#.......
.#####.....#.....######.#
........#..#.....####...#
.##'##c....#........#.### {
##cc.##...≈≈≈....# #
##.##...≈≈≈≈≈...### ##
#D#....≈≈_§≈...... .# {
#@#.#..≈§.≈≈...... .# # {
#§#....≈§.≈≈...... .. ##.
##§##...≈§§≈≈...... .. #...
##..§##..§§.§§...... ..
.....#####.....#.§≈.8.≈.#####
#.........#..#........##...
.....##'##.....#....>.####.##
#.( #.###...##............. #
#.########.#########.##


You could see a steam dragon (unable to see you) and 2 centaurs.

Vanquished Creatures
  Maggie (D:6)
  Sigmund (D:2)
  A wyvern (D:8)
  2 yaks
  A steam dragon (D:8)
  A water moccasin (D:6)
  Duvessa (D:5)
  2 ice beasts
  A sky beast (D:6)
  2 black bears
  2 ogres (D:6)
  3 centaurs
  A kobold brigand (D:6)
  6 bullfrogs
  A gnoll sergeant (D:6)
  Blork the orc (D:5)
  4 scorpions
  5 wights (D:8)
  Dowan (D:5)
  3 hounds
  2 jellies
  3 gnoll boudas
  2 orc priests
  Crazy Yiuf (D:2)
  2 iguanas
  A sleepcap (D:7)
  6 orc wizards
  Natasha (thrice) (D:4)
  19 gnolls
  11 adders
  3 shadow imps (D:7)
  A white imp (D:7)
  2 ufetubi (D:5)
  A worm (D:3)
  2 dart slugs
  15 orcs
  5 ball pythons
  4 bats
  6 endoplasms
  6 giant cockroaches
  7 hobgoblins
  10 jackals
  2 quokkas
  A frilled lizard (D:2)
  11 goblins
  7 kobolds
  7 rats
180 creatures vanquished.

Vanquished Creatures (others)
  A gnoll (D:8)
1 creature vanquished.

Grand Total: 181 creatures vanquished

Notes
Turn   | Place    | Note
-------+----------+-------------------------------------------
     0 | D:1      | lonewolfV2 the Formicid Fighter began the quest for the
                  | Orb.
     0 | D:1      | Reached XP level 1. HP: 18/18 MP: 1/1
   120 | D:1      | Reached XP level 2. HP: 24/24 MP: 2/2
   399 | D:1      | Reached XP level 3. HP: 22/29 MP: 3/3
   716 | D:2      | Noticed Sigmund
   722 | D:2      | Killed Sigmund
   723 | D:2      | Reached skill level 4 in Axes
   723 | D:2      | Reached skill level 1 in Dodging
   723 | D:2      | Reached skill level 5 in Shields
   723 | D:2      | Reached XP level 4. HP: 37/37 MP: 4/4
   723 | D:2      | Reached XP level 5. HP: 42/42 MP: 5/5
   723 | D:2      | Reached XP level 6. HP: 48/48 MP: 6/6
   742 | D:2      | Found a runed translucent door.
   743 | D:2      | Noticed Crazy Yiuf
  1396 | D:2      | Killed Crazy Yiuf
  2686 | D:4      | Reached XP level 7. HP: 50/53 MP: 7/7
  3070 | D:4      | Noticed Natasha
  3085 | D:4      | Killed Natasha
  3261 | D:4      | Reached skill level 5 in Axes
  3404 | D:4      | Reached skill level 5 in Armour
  3447 | D:4      | Noticed Natasha
  3455 | D:4      | Killed Natasha
  3943 | D:4      | Noticed a yak
  3948 | D:4      | Killed a yak
  3949 | D:4      | Reached XP level 8. HP: 61/61 MP: 8/8
  3997 | D:4      | Noticed Natasha
  4004 | D:4      | Killed Natasha
  4032 | D:5      | Entered Level 5 of the Dungeon
  4055 | D:5      | Reached skill level 6 in Axes
  4127 | D:5      | Noticed Duvessa
  4127 | D:5      | Noticed Dowan
  4134 | D:5      | Killed Duvessa
  4146 | D:5      | Killed Dowan
  4762 | D:5      | Noticed Blork the orc
  4775 | D:5      | Killed Blork the orc
  4776 | D:5      | Reached skill level 5 in Fighting
  5372 | D:6      | HP: 2/62 [gnoll/+0 spear[a gnoll bouda] (4)]
  5697 | D:6      | Reached skill level 7 in Axes
  5697 | D:6      | Reached XP level 9. HP: 63/68 MP: 9/9
  6060 | D:6      | Noticed Maggie
  6064 | D:6      | Reached skill level 8 in Axes
  6079 | D:6      | Killed Maggie
  6800 | D:6      | Reached skill level 1 in Stealth
  7161 | D:7      | Reached XP level 10. HP: 76/76 MP: 10/10
  7240 | D:7      | Reached skill level 9 in Axes
  7499 | D:7      | Found a staircase to the Ecumenical Temple.
  7611 | Temple   | Entered the Ecumenical Temple
  7619 | Temple   | Became a worshipper of Gozag Ym Sagoz the Greedy
  7801 | D:7      | Found Zolul's Jewellery Boutique.
  7805 | D:7      | Found a blossoming altar of Fedhas.
  8261 | D:8      | Found an iron altar of Okawaru.
  8374 | D:8      | Reached skill level 10 in Axes
  8609 | D:8      | Engulfed by a steam dragon's steam

Illustrated notes

Levels and vault maps discovered:
D:1:      wheals_arrival_linesprint, layout_rooms, minmay_misc_feat_encased,
          minmay_stone_trees_small
D:2:      minmay_evil_eye, layout_rooms, fountainhead,
          kennysheep_generic_room_5, uniq_crazy_yiuf_cottage, uniq_sigmund
D:3:      layout_basic, columned_hall_lemuel, st_stairs_14
D:4:      layout_basic, minmay_small_thing, uniq_natasha
D:5:      layout_basic, uniq_blork_the_orc, uniq_duvessa
D:6:      layout_gridville, minmay_misc_feat_plants, uniq_maggie
D:7:      layout_basic, fedhas_altar_2, temple_statues, enter_bailey_4,
          serial_shops, shop_fountains, dreamdust_gnoll_farm
D:8:      minmay_octagon_keep, layout_basic, lemuel_round_altar,
          mainiacjoe_overflow_catwalk
Temple:   nicolae_temple_bog_church

Skill      XL: |  1  2  3  4  5  6  7  8  9 10 |
---------------+-------------------------------+-----
Armour         | 4 5 7 8 |  8.0
Axes           | 4 5 7 8 10 | 10.3
Dodging        | 1 2 3 |  3.3
Shields        | 5 6 7 |  7.5
Fighting       | 4 5 6 |  6.8
Stealth        | 1 |  1.0

Action                     |  1- 3 |  4- 6 |  7- 9 | 10-12 || total
---------------------------+-------+-------+-------+-------++-------
  Melee: War axe           |    36 |       |       |       ||    36
         Battleaxe         |    42 |   111 |   239 |   158 ||   550
    Use: Scroll            |     3 |     2 |    11 |       ||    16
         Potion            |     1 |       |     3 |     1 ||     5
 Armour: Scale mail        |    54 |    67 |   110 |    40 ||   271
  Dodge: Dodged            |    49 |    63 |   143 |    81 ||   336
  Block: Buckler           |    29 |    32 |    99 |    73 ||   233
